 Dungeon Crawl Stone Soup version 0.20-a0-1103-g26be02c (webtiles) character file.

2660 qqqbard the Geomancer (level 9, -3/45 HPs)
             Began as a Gargoyle Earth Elementalist on May 4, 2017.
             Was an Initiate of Vehumet.
             Slain by a two-headed ogre
             ... wielding a +0 giant club
              (4 damage)
             ... on level 8 of the Dungeon.
             The game lasted 00:17:47 (8322 turns).

qqqbard the Geomancer (Gargoyle Earth Elementalist) Turns: 8322, Time: 00:17:48

Health: -3/45      AC: 13    Str: 11    XL:     9   Next: 63%
Magic:  0/21       EV: 12    Int: 20    God:    Vehumet [......]
Gold:   449        SH:  0    Dex: 10    Spells: 14/25 levels left

rFire    . . .     SeeInvis .   M - +3 dagger
rCold    + . .     Gourm    .   (no shield)
rNeg     + . .     Faith    .   c - +0 robe
rPois    ∞         Spirit   .   N - +1 helmet
rElec    +         Reflect  .   F - +0 cloak
rCorr    .         Harm     .   v - +2 pair of gloves
MR       .....                  (no boots)
Stlth    ++........             (no amulet)
Regen    0.2/turn               r - ring of protection from fire
MPRegen  0.2/turn               z - ring of ice

@: very slightly contaminated
A: negative energy resistance 1, electricity resistance, unbreathing,
petrification resistance, rot immunity, AC +5
a: Renounce Religion


You were on level 8 of the Dungeon.
You worshipped Vehumet.
Vehumet was noncommittal.
You were very hungry.

You visited 2 branches of the dungeon, and saw 9 of its levels.
You also visited: Sewer.

You collected 449 gold pieces.

Inventory:

Hand Weapons
 M - a +3 dagger (weapon)
Missiles
 b - 101 stones (quivered)
Armour
 c - a +0 robe (worn)
 v - a +2 pair of gloves (worn)
 F - a +0 cloak (worn)
 N - a +1 helmet (worn)
Jewellery
 r - a ring of protection from fire (left hand)
 z - a ring of ice (right hand)
Wands
 p - a wand of confusion (14/48)
 K - a wand of random effects (40/48)
Scrolls
 g - 3 scrolls of fog {unknown}
 i - 9 scrolls of remove curse
 j - 6 scrolls of teleportation {unknown}
 o - 2 scrolls of noise {unknown}
 q - 3 scrolls of recharging {unknown}
 s - 2 scrolls of identify
 t - 3 scrolls of enchant armour {unknown}
 C - 4 scrolls of blinking {unknown}
 E - 2 scrolls of fear {unknown}
 L - a scroll of immolation {unknown}
Potions
 a - 4 potions of haste
 f - 4 potions of curing
 k - a potion of berserk rage
 l - a potion of lignification {unknown}
 m - 3 potions of heal wounds
 n - a potion of brilliance {unknown}
 u - 2 potions of degeneration {unknown}
 x - 4 potions of magic
 B - a potion of mutation
 D - a potion of might {unknown}
 G - a potion of agility {unknown}
 I - a potion of invisibility {unknown}
 J - a potion of flight {unknown}
Books
 e - a book of Geomancy

   Spells                             Type                      Level
   a - Sandblast                      Earth                        1
   b - Passwall                       Transmutation/Earth          2
   c - Stone Arrow                    Conjuration/Earth            3
   d - Petrify                        Transmutation/Earth          4
   e - Lee's Rapid Deconstruction     Earth                        5
 y - a book of Air

   Spells                             Type                      Level
   a - Shock                          Conjuration/Air              1
   b - Swiftness                      Charms/Air                   2
   c - Static Discharge               Conjuration/Air              3
   d - Airstrike                      Air                          4
   e - Lightning Bolt                 Conjuration/Air              5
Comestibles
 d - 5 bread rations
 w - 2 meat rations
 A - a fruit
 H - 6 chunks of flesh


   Skills:
 - Level 1.5 Dodging
 - Level 2.1 Stealth
 * Level 8.5 Spellcasting
 + Level 5.9 Conjurations
 + Level 1.6 Charms
   Level 0.7 Transmutations
 + Level 1.3 Air Magic
 + Level 8.6 Earth Magic


You had 14 spell levels left.
You knew the following spells:

 Your Spells              Type           Power        Failure   Level  Hunger
a - Sandblast             Erth           #####.       1%          1    None
b - Stone Arrow           Conj/Erth      #####.       1%          3    None
c - Lee's Rapid Deconstr  Erth           #####.....   6%          5    #####..
d - Swiftness             Chrm/Air       ##......     6%          2    None


Dungeon Overview and Level Annotations

Branches:
Dungeon (8/15)             Temple (1/1) D:4
   Lair: D:8-11

Altars:
Ashenzari
Cheibriados
Dithmenos
Elyvilon
Fedhas
Gozag
Hepliaklqana
Kikubaaqudgha
Makhleb
Nemelex Xobeh
Okawaru
Qazlal
Ru
Sif Muna
Trog
Uskayaw
Vehumet
Wu Jian
Xom
Yredelemnul
Zin
The Shining One

Shops:
D:4 }   D:6 !   D:7 [   D:8 ?


Innate Abilities, Weirdness & Mutations

You are resistant to torment.
Your stone body is resilient. (AC +5)
You are immune to poison.
You resist negative energy. (rN+)
You are resistant to electric shocks. (rElec)
You can survive without breathing.
You are immune to petrification.
You are immune to rotting.


Message History

Confirm with . or Enter, or press ? or * to list all spells.
Aiming: Sandblast
Press: ? - help, Shift-Dir - straight line, f/p - two-headed ogre
Aim: a two-headed ogre, wielding two giant clubs (severely wounded)
The blast of sand misses the two-headed ogre.
b - 102 stones The two-headed ogre hits you with a giant club!
The two-headed ogre misses you.
Casting: Sandblast
Confirm with . or Enter, or press ? or * to list all spells.
Aiming: Sandblast
Press: ? - help, Shift-Dir - straight line, f/p - two-headed ogre
Aim: a two-headed ogre, wielding two giant clubs (severely wounded)
The blast of sand hits the two-headed ogre.
The two-headed ogre is almost dead.
b - 101 stones The two-headed ogre hits you with a giant club!!
* * * LOW HITPOINT WARNING * * *
The two-headed ogre hits you with a giant club.
You die...

#.......... ...
#...#....F. ....
#.......... O..
#...) .c...
..#.#...#.∩...#
##.#.#...#......
#..#...>.......#
#..###O..#
#..÷..@..#
#..####### #..
##. #. #. #. #.


You could see a two-headed ogre and a centaur (wandering).

Vanquished Creatures
  Prince Ribbit (D:6)
  A hippogriff (D:7)
  A sky beast (D:6)
  A phantom (D:8)
  2 centaurs
  5 ogres
  3 bullfrogs
  A water moccasin skeleton (D:7)
  2 scorpions
  2 centaur zombies
  A howler monkey (D:6)
  2 crimson imps
  6 orc priests
  6 hounds
  An iguana (D:6)
  5 orc wizards
  A statue (D:7)
  4 worker ants
  3 hound skeletons
  A hound zombie (D:5)
  Robin (D:2)
  12 adders
  4 river rats
  A shadow imp (D:5)
  An ooze (D:1)
  An adder skeleton (D:4)
  A worm (D:2)
  2 dart slugs
  6 leopard geckos
  20 orcs
  8 bats
  7 giant cockroaches
  11 goblins
  7 hobgoblins
  15 jackals
  7 quokkas
  8 ball pythons
  7 frilled lizards
  2 kobolds (D:1)
  10 rats
180 creatures vanquished.

Notes
Turn   | Place    | Note
-------+----------+-------------------------------------------
     0 | D:1      | qqqbard the Gargoyle Earth Elementalist began the quest for the Orb.
     0 | D:1      | Reached XP level 1. HP: 10/10 MP: 3/3
   236 | D:1      | Reached XP level 2. HP: 15/15 MP: 3/5
   492 | D:1      | Reached XP level 3. HP: 18/19 MP: 3/6
   970 | D:2      | Noticed Robin
   980 | D:2      | Killed Robin
  1001 | D:2      | Reached XP level 4. HP: 15/24 MP: 0/8
  1630 | D:2      | Found a burning altar of Makhleb.
  1632 | D:2      | Reached skill level 5 in Earth Magic
  1632 | D:2      | Reached XP level 5. HP: 28/28 MP: 7/10
  2425 | D:3      | Found a sacrificial altar of Ru.
  2430 | D:3      | Learned a level 3 spell: Stone Arrow
  2431 | D:3      | Found a basalt altar of Yredelemnul.
  2824 | D:4      | Reached XP level 6. HP: 10/32 MP: 0/12
  3105 | D:4      | Reached skill level 1 in Conjurations
  3319 | D:4      | Found a stormy altar of Qazlal.
  3459 | D:4      | Found Honefrem's Gadget Shop.
  3643 | D:4      | Found a bloodstained altar of Trog.
  3904 | D:4      | Found a staircase to the Ecumenical Temple.
  3910 | Temple   | Entered the Ecumenical Temple
  4049 | D:5      | Entered Level 5 of the Dungeon
  4057 | D:5      | Reached skill level 5 in Spellcasting
  4122 | D:5      | Found a glowing drain.
  4134 | Sewer    | Entered a sewer
  4508 | D:5      | Reached XP level 7. HP: 19/36 MP: 4/15
  4591 | D:5      | Learned a level 5 spell: Lee's Rapid Deconstruction
  4594 | D:5      | Learned a level 2 spell: Swiftness
  5550 | D:6      | Found Wam Nus's Distillery.
  5732 | D:6      | Reached XP level 8. HP: 41/41 MP: 14/17
  6691 | D:6      | Found an ancient bone altar of Kikubaaqudgha.
  6701 | D:6      | Found a shadowy altar of Dithmenos.
  6971 | D:7      | Noticed Prince Ribbit
  7146 | D:6      | Killed Prince Ribbit
  7255 | D:7      | Reached skill level 5 in Conjurations
  7255 | D:7      | Reached XP level 9. HP: 23/45 MP: 8/20
  7429 | D:7      | Found a radiant altar of Vehumet.
  7598 | D:7      | Became a worshipper of Vehumet
  7621 | D:7      | Found Pem Somp's Antique Armour Shop.
  7687 | D:7      | Found a sparkling altar of Nemelex Xobeh.
  7687 | D:7      | Found a glowing silver altar of Zin.
  7699 | D:7      | Found a shattered altar of Ashenzari.
  7699 | D:7      | Found a hazy altar of Hepliaklqana.
  7776 | D:7      | Reached skill level 1 in Charms
  8092 | D:7      | Reached skill level 1 in Air Magic
  8297 | D:8      | Found Gelyura's Magic Scroll Boutique.
  8314 | D:8      | Noticed a two-headed ogre
  8322 | D:8      | HP: 1/45 [two-headed ogre/giant club (18)]
  8322 | D:8      | Slain by a two-headed ogre

Vault maps used:
D:1:      ncdulo_smallfort
D:2:      makhleb_heckhound_becter, uniq_robin
D:3:      nicolae_overflow_hidden_temple, first_bread
D:4:      marbit_many_paths, lemuel_doored_altar, minmay_temple_entry_fiery,
          serial_shops, shop
D:5:      portal_sewer_entry_e, hangedman_decor_opposing
D:6:      amethyst_overflow_temple_binary, serial_shops,
          nicolae_shop_statue_plus
D:7:      grunt_temple_overflow_open, vehumet_statue, serial_shops,
          nicolae_shop_window_shopping, uniq_prince_ribbit1
D:8:      enter_ossuary_2, serial_shops, shop, uniq_joseph, uniq_maurice,
          uniq_grum
Temple:   eino_wide_crystal_templ
Sewer:    sewer_co_cracked_pipes

Skill      XL: |  1  2  3  4  5  6  7  8  9 |
---------------+----------------------------+-----
Earth Magic    | 4 5 6 7 8 |  8.6
Spellcasting   | 3 4 5 6 7 8 |  8.5
Conjurations   | 2 3 5 |  5.9
Charms         | 1 |  1.6
Air Magic      | 1 |  1.3
Dodging        | |  1.5
Stealth        | |  2.1
Transmutations | |  0.7

Action                   |  1- 3 |  4- 6 |  7- 9 || total
-------------------------+-------+-------+-------++-------
Melee: Unarmed           |    23 |       |    10 ||    33
       Dagger            |       |   109 |    19 ||   128
 Cast: Sandblast         |    47 |    82 |    59 ||   188
       Stone Arrow       |       |    27 |    32 ||    59
       Lee's Rapid Decon |       |       |    30 ||    30
  Use: Scroll            |       |       |     7 ||     7
       Potion            |       |       |     1 ||     1
 Stab: Sleeping          |       |     3 |       ||     3
  Eat: Chunk             |     1 |    13 |    18 ||    32
       Royal jelly       |       |       |     1 ||     1
Armor: Robe              |    15 |    58 |    42 ||   115
Dodge: Dodged            |    22 |    85 |    38 ||   145
